Map: Efflorescence LE

Players

Massa

  • Race: Terran Terran
  • League: Platinum
  • Spawn Location: 6:00

qqq

  • Race: Zerg Zerg
  • League: Platinum
  • Spawn Location: 9:00

PGD - Winner!

  • Race: Protoss Protoss
  • Spawn Location: 3:00

Architecte - Winner!

  • Race: Terran Terran
  • League: Platinum
  • Spawn Location: 12:00

VOD

Have the link to the VOD?

Description

Time

  • Played on: Dec. 23, 2020, 12:57 p.m.
  • Length: 19:58
Show
View Real Time Build Order
Export as new Build Order

Massa Terran 

Build Orders:  

Get SALT Encoding   

  12  0:00  SCV  
  13  0:12  SCV  
  14  0:19  Supply Depot  
  14  0:24  SCV  
  15  0:40  SCV  
  15  0:42  Barracks  
  16  0:48  Supply Depot  
  16  0:53  SCV  
  17  1:05  SCV  
  17  1:07  Refinery  
  18  1:12  Barracks  
  18  1:17  SCV  
  19  1:26  Barracks  
  19  1:35  Marine  
  20  1:44  Orbital Command  
  20  1:53  Marine  
  21  2:00  Barracks Tech Lab, Supply Depot  
  21  2:10  Marine  
  21  2:13  Marine  
  21  2:14  SCV  
  24  2:19  Marine  
  24  2:21  Stimpack  
  25  2:28  Marine  
  26  2:32  Supply Depot  
  26  2:33  Marine  
  27  2:38  Marauder  
  29  2:46  Marine  
  29  2:50  Marine  
  31  2:59  Marauder  
  31  3:04  Marine  
  34  3:05  Supply Depot  
  34  3:08  Marine  
  35  3:21  Marauder  
  35  3:22  Marine  
  35  3:26  Marine  
  39  3:39  Marine  
  39  3:41  Supply Depot  
  40  3:42  Marauder  
  40  3:44  Marine  
  43  3:57  Marine  
  43  4:02  Marine  
  45  4:03  Marauder  
  45  4:05  Command Center  
  47  4:10  Concussive Shells  
  47  4:15  Marine  
  48  4:19  SCV  
  48  4:20  Marine  
  50  4:25  Marauder  
  48  4:36  Marine  
  48  4:37  Marine  
  45  4:46  Marauder  
  46  4:54  Marine  
  44  5:04  Marine  
  34  5:08  Marauder  
  34  5:12  Marine  
  32  5:22  Marine  
  33  5:29  Marauder, Marine  
  36  5:36  SCV  
  36  5:37  Bunker  
  36  5:38  Bunker  
  36  5:40  Marine  
  36  5:41  SCV  
  39  5:48  Orbital Command  
  39  5:50  Marauder  
  41  5:57  Marine  
  41  5:58  Marine  
  43  6:08  Supply Depot  
  43  6:12  Marauder  
  43  6:13  Supply Depot  
  43  6:15  Marine  
  43  6:16  SCV x2  
  48  6:22  Factory  
  48  6:28  SCV  
  49  6:33  Marauder  
  49  6:34  Supply Depot  
  49  6:36  Engineering Bay  
  41  6:56  Marine  
  41  6:57  Marauder, Marine  
  41  6:58  Supply Depot  
  45  7:14  Factory Tech Lab, Marine x2  
  47  7:18  Marauder  
  47  7:19  Starport  
  47  7:20  Missile Turret  
  49  7:26  Missile Turret  
  49  7:27  Refinery  
  49  7:29  Missile Turret  
  49  7:39  Marauder  
  51  7:47  Missile Turret  
  51  7:59  Marine x2  
  51  8:01  Marauder  
  51  8:02  Siege Tank  
  58  8:09  Medivac  
  60  8:16  SCV  
  60  8:17  SCV, Marine x2  
  61  8:22  Marauder  
  50  8:29  SCV  
  46  8:35  Marine  
  43  8:42  Barracks Reactor  
  43  8:44  Marauder  
  45  8:52  Marine  
  46  9:05  Marauder  
  46  9:07  Barracks  
  48  9:10  Command Center  
  48  9:11  Refinery, SCV x2  
  48  9:14  Siege Tank  
  53  9:23  SCV x2  
  55  9:26  Marauder  
  57  9:32  Terran Infantry Weapons Level 1  
  57  9:35  SCV  
  57  9:37  Missile Turret  
  58  9:46  Refinery  
  58  9:47  Siege Tank  
  58  9:49  Marine  
  58  9:50  Marine x3  
  65  9:56  Barracks Reactor  
  65  10:07  Marine  
  65  10:08  Marine x2  
  65  10:09  Marauder, Combat Shield  
  70  10:19  SCV x2  
  72  10:25  Marine  
  72  10:28  Command Center  
  73  10:31  SCV  
  73  10:32  SCV  
  75  10:43  SCV, Siege Tank  
  75  10:44  SCV  
  75  10:49  Planetary Fortress  
  80  10:50  Missile Turret  
  80  10:56  SCV  
  81  10:57  Marine  
  81  10:58  Marine  
  81  10:59  Marine x2  
  85  11:04  Medivac  
  85  11:09  SCV x2  
  89  11:14  Marine  
  89  11:15  Marauder  
  92  11:20  Siege Tank  
  95  11:26  Terran Infantry Armor Level 1  
  95  11:32  Armory  
  95  11:38  SCV x3, Engineering Bay  
  98  11:43  SCV  
  99  11:50  SCV x3  
  99  11:52  Refinery  
  102  11:55  SCV  
  100  12:02  Missile Turret  
  100  12:04  Missile Turret  
  100  12:11  Missile Turret  
  100  12:13  Missile Turret  
  100  12:14  SCV x2  
  100  12:15  SCV x2  
  104  12:17  Sensor Tower  
  104  12:19  Marauder, Marine x4  
  104  12:20  Marine  
  104  12:21  Terran Infantry Weapons Level 2  
  111  12:26  SCV  
  111  12:27  SCV  
  113  12:31  Missile Turret  
  113  12:33  Thor  
  119  12:39  Missile Turret  
  119  12:40  Barracks, Marauder  
  121  12:54  Missile Turret  
  115  13:14  Missile Turret  
  96  13:21  Marine  
  96  13:22  Marine x5  
  75  13:35  Barracks Reactor  
  75  13:39  Marine  
  75  13:40  Marauder, Marine x4  
  81  13:52  Thor  
  87  13:56  Command Center  
  87  13:57  Marine x2  
  87  14:01  Factory  
  87  14:02  Marauder, Factory  
  91  14:05  Refinery  
  91  14:16  Planetary Fortress  
  91  14:19  Missile Turret  
  91  14:21  Missile Turret  
  91  14:24  Command Center  
  91  14:27  Terran Infantry Armor Level 2  
  91  14:30  Terran Vehicle Weapons Level 1  
  91  14:35  Armory, Thor  
  97  14:40  Missile Turret  
  97  14:41  Supply Depot  
  97  14:42  Missile Turret, Supply Depot  
  97  14:52  Factory Tech Lab x2  
  97  14:55  Marine  
  97  14:56  Marine x5  
  103  15:04  Supply Depot  
  103  15:06  Supply Depot  
  103  15:12  Planetary Fortress, Missile Turret  
  103  15:15  Missile Turret x2  
  103  15:21  Neosteel Armor  
  103  15:24  Terran Vehicle And Ship Armor Level 1  
  103  15:32  Missile Turret  
  103  15:34  Missile Turret  
  103  15:44  Barracks  
  103  15:47  Barracks  
  103  15:54  Refinery, SCV x4, Missile Turret  
  103  15:55  Refinery  
  107  16:00  Planetary Fortress  
  107  16:04  Missile Turret  
  107  16:06  SCV x4  
  111  16:11  Starport Reactor  
  111  16:12  Missile Turret  
  112  16:18  SCV x2  
  112  16:34  SCV x4  
  104  16:48  Thor x3  
  99  16:57  Marine  
  99  17:00  Marauder  
  99  17:01  Marine x6  
  97  17:02  Marine  
  97  17:05  Barracks Tech Lab  
  97  17:07  Smart Servos  
  103  17:13  SCV x4  
  103  17:15  Marine  
  105  17:18  Marine  
  105  17:19  Marine x2  
  105  17:22  Marauder  
  110  17:28  Hi-Sec Auto Tracking  
  109  17:31  Thor x2  
  121  17:41  Thor  
  121  17:43  Marauder, Marine  
  121  17:44  Marauder, Marine  
  121  18:04  Marauder  
  107  18:11  Marauder, Marine  
  96  18:14  Thor x2  
  96  18:15  Marine x2  
  107  18:24  Thor  
  107  18:26  Marauder  
  108  18:32  Marauder, Marine x2  
  109  18:47  Marauder  
  111  18:52  Marine  
  111  18:53  Marine x5  
  117  18:57  Thor, Hellbat  
  125  19:03  Missile Turret x2  
  125  19:06  Missile Turret  
  120  19:26  Missile Turret  
  114  19:55  Command Center  
Show
View Real Time Build Order
Export as new Build Order

qqq Zerg 

Build Orders: Hatch First, Lurkers 

Get SALT Encoding   

  12  0:04  Drone  
  13  0:15  Drone  
  13  0:18  Overlord  
  14  0:47  Hatchery  
  13  0:51  Drone  
  13  0:54  Drone  
  15  1:22  Drone x3, Spawning Pool  
  17  1:26  Extractor  
  16  1:33  Drone  
  17  1:53  Drone  
  18  1:55  Drone  
  19  2:08  Drone  
  19  2:09  Queen  
  19  2:10  Queen  
  19  2:12  Drone  
  19  2:15  Drone  
  26  2:22  Overlord  
  26  2:29  Metabolic Boost  
  26  2:33  Drone  
  26  2:36  Drone  
  28  2:40  Zergling x2  
  28  2:42  Zergling x2  
  30  2:50  Zergling x2  
  30  2:51  Overlord  
  32  2:58  Zergling x2  
  32  3:00  Zergling x2  
  32  3:04  Zergling x2  
  34  3:10  Drone  
  34  3:12  Evolution Chamber  
  34  3:19  Zergling x2  
  35  3:32  Zergling x4  
  35  3:33  Zergling x6  
  40  3:41  Zergling x2  
  40  3:46  Zerg Melee Weapons Level 1  
  40  3:47  Lair  
  41  3:49  Zergling x2  
  41  3:50  Zergling x2  
  41  3:54  Zergling x2  
  44  3:57  Overlord  
  44  3:58  Overlord  
  44  4:04  Overlord  
  43  4:18  Zergling x4  
  43  4:19  Zergling x6  
  38  4:34  Zergling x2  
  38  4:35  Zergling x6  
  38  4:51  Zergling x2  
  38  4:52  Zergling x6  
  39  5:02  Zergling x6  
  39  5:05  Zergling x6  
  41  5:19  Zergling x4  
  41  5:20  Zergling x2  
  41  5:28  Zergling x2, Spire  
  41  5:35  Zergling x4  
  43  5:46  Zergling x2  
  43  5:47  Zergling x2  
  45  5:52  Spine Crawler  
  41  5:58  Drone  
  41  6:00  Drone  
  41  6:03  Extractor  
  42  6:15  Extractor  
  42  6:16  Drone x3  
  42  6:17  Extractor, Drone x2  
  42  6:18  Drone x2  
  47  6:22  Drone  
  40  7:00  Drone x3  
  43  7:01  Drone x4  
  43  7:02  Drone x2  
  43  7:05  Mutalisk  
  43  7:06  Mutalisk x2  
  43  7:08  Zergling x2  
  55  7:09  Drone  
  55  7:15  Mutalisk  
  56  7:16  Drone  
  59  7:23  Overlord  
  59  7:31  Hatchery  
  59  7:32  Overlord  
  59  7:34  Drone  
  59  7:41  Corruptor  
  59  7:42  Corruptor  
  63  7:55  Corruptor  
  63  7:56  Corruptor  
  67  7:59  Overlord  
  67  8:11  Overlord  
  67  8:13  Zerg Flyer Weapons Level 1  
  57  8:36  Corruptor  
  57  8:37  Mutalisk  
  57  8:38  Mutalisk x2  
  57  8:39  Drone  
  66  8:44  Drone  
  67  8:51  Hydralisk Den  
  66  9:04  Queen  
  66  9:05  Extractor, Drone x3  
  66  9:08  Drone  
  66  9:09  Extractor  
  70  9:15  Spine Crawler  
  69  9:17  Hatchery, Mutalisk  
  69  9:19  Drone  
  71  9:28  Corruptor  
  71  9:29  Mutalisk  
  71  10:01  Mutalisk x5  
  77  10:10  Corruptor  
  79  10:15  Drone x3  
  79  10:16  Drone x3  
  79  10:20  Spine Crawler  
  84  10:33  Hatchery  
  83  10:40  Hydralisk, Zerg Ground Armor Level 1  
  83  10:41  Hydralisk x2  
  89  10:43  Drone  
  90  10:57  Overlord x2  
  90  10:58  Overlord x3  
  90  11:11  Lurker Den  
  90  11:18  Evolution Chamber  
  88  11:19  Spore Crawler  
  88  11:23  Spore Crawler  
  86  11:29  Drone x2  
  86  11:30  Drone x4  
  86  11:31  Hydralisk  
  94  11:33  Hydralisk  
  96  11:45  Hydralisk  
  96  11:46  Hydralisk  
  100  11:47  Drone  
  100  11:49  Drone  
  100  11:52  Spine Crawler  
  101  11:59  Muscular Augments  
  101  12:18  Drone x3  
  101  12:19  Drone x6  
  110  12:26  Hydralisk x2  
  114  12:30  Lurker x2  
  114  12:31  Lurker  
  114  12:34  Zerg Missile Weapons Level 1  
  109  12:54  Hatchery  
  109  12:58  Hydralisk x4  
  108  12:59  Hydralisk x2  
  120  13:11  Grooved Spines  
  98  13:23  Corruptor x5  
  98  13:24  Hydralisk x2  
  98  13:25  Hydralisk x4  
  114  13:33  Spore Crawler  
  103  13:34  Spore Crawler  
  103  13:35  Spore Crawler  
  103  13:37  Spore Crawler x2  
  103  13:39  Spore Crawler  
  103  13:40  Spore Crawler  
  88  13:51  Hydralisk x4  
  96  13:59  Drone x3  
  96  14:00  Drone x3  
  102  14:05  Zerg Ground Armor Level 2  
  102  14:11  Hydralisk  
  102  14:14  Drone x2  
  102  14:15  Drone  
  107  14:18  Lurker  
  107  14:19  Lurker x2  
  110  14:27  Spore Crawler  
  109  14:39  Zerg Missile Weapons Level 2  
  109  14:41  Infestation Pit  
  109  14:43  Drone x3  
  109  14:44  Drone x2  
  109  14:45  Drone x4  
  117  14:52  Spore Crawler  
  108  15:09  Hydralisk x4  
  108  15:10  Hydralisk x2  
  108  15:14  Drone x6  
  122  15:16  Spore Crawler  
  122  15:19  Hydralisk  
  127  15:23  Hive  
  127  15:30  Overseer  
  127  15:31  Overseer x3  
  127  15:33  Pneumatized Carapace  
  127  15:43  Spore Crawler  
  126  15:55  Hydralisk x3  
  126  15:56  Hydralisk x4  
  140  15:58  Drone x2  
  140  16:04  Extractor, Overlord x2  
  141  16:06  Extractor  
  141  16:09  Extractor  
  141  16:10  Extractor, Hydralisk x2  
  142  16:17  Spore Crawler  
  141  16:19  Spine Crawler x2  
  89  17:00  Hydralisk x4  
  89  17:01  Hydralisk x5  
  90  17:02  Hydralisk x2  
  90  17:03  Hydralisk x4  
  100  17:14  Zerg Melee Weapons Level 2  
  100  17:20  Baneling Nest  
  100  17:22  Drone x2  
  101  17:34  Ultralisk Cavern  
  100  17:46  Lurker x3  
  100  17:47  Hydralisk x2  
  100  17:49  Overlord  
  100  17:50  Zergling x2, Overlord x2  
  100  17:51  Zergling x6  
  111  17:52  Zergling x12  
  107  18:02  Overseer  
  105  18:15  Hydralisk x5  
  105  18:16  Hydralisk  
  95  18:39  Hydralisk  
  95  18:40  Hydralisk x5  
  95  18:41  Hydralisk x2  
  97  18:43  Hydralisk x2  
  97  18:44  Hydralisk x3  
  97  18:45  Hydralisk x2  
  115  18:53  Lurker x2  
  114  18:58  Ultralisk  
  120  19:03  Corruptor  
  120  19:08  Corruptor  
  108  19:27  Hydralisk x5  
  108  19:29  Hydralisk  
Show
View Real Time Build Order
Export as new Build Order

PGD Protoss - Winner!

Build Orders: Carriers 

Get SALT Encoding   

  12  0:02  Probe (Chrono Boost)  
  13  0:11  Probe (Chrono Boost)  
  14  0:18  Pylon  
  14  0:22  Probe  
  15  0:38  Gateway  
  15  0:40  Probe  
  16  0:47  Assimilator  
  16  1:08  Probe (Chrono Boost)  
  16  1:09  Gateway  
  18  1:19  Probe (Chrono Boost)  
  18  1:24  Probe (Chrono Boost)  
  18  1:26  Cybernetics Core  
  19  1:34  Zealot  
  21  1:45  Pylon  
  21  1:57  Zealot  
  23  2:03  Warp Gate  
  23  2:04  Probe (Chrono Boost)  
  23  2:06  Zealot  
  26  2:20  Twilight Council  
  26  2:21  Probe (Chrono Boost)  
  27  2:30  Probe  
  27  2:35  Zealot  
  30  2:42  Gateway  
  30  2:44  Probe  
  31  2:57  Charge (Chrono Boost)  
  31  3:03  Pylon  
  31  3:15  Pylon  
  31  3:21  Zealot x2  
  31  3:22  Probe (Chrono Boost)  
  36  3:28  Pylon  
  36  3:32  Probe  
  37  3:53  Gateway  
  37  3:59  Probe  
  38  4:25  Zealot x3  
  26  4:47  Zealot x4  
  26  4:49  Probe  
  35  5:10  Zealot x4  
  35  5:11  Probe  
  42  5:24  Nexus  
  42  5:33  Zealot x3  
  42  5:34  Zealot  
  50  5:45  Probe (Chrono Boost)  
  50  5:48  Assimilator  
  51  5:55  Probe (Chrono Boost)  
  44  6:01  Probe  
  45  6:05  Stargate  
  45  6:15  Probe  
  45  6:17  Stargate  
  46  6:38  Zealot x2  
  46  6:39  Zealot x2  
  40  6:55  Probe (Chrono Boost), Phoenix  
  40  7:00  Zealot x2  
  40  7:01  Zealot x2  
  51  7:13  Probe (Chrono Boost)  
  51  7:14  Probe (Chrono Boost)  
  53  7:18  Pylon  
  52  7:31  Phoenix  
  54  7:37  Shield Battery  
  54  7:40  Phoenix  
  54  7:41  Probe (Chrono Boost)  
  57  7:45  Shield Battery  
  57  7:51  Probe (Chrono Boost)  
  58  7:55  Probe (Chrono Boost)  
  58  7:56  Phoenix  
  60  8:02  Shield Battery  
  60  8:10  Phoenix  
  58  8:35  Phoenix  
  58  8:37  Void Ray  
  60  8:43  Probe (Chrono Boost)  
  60  8:45  Probe (Chrono Boost)  
  60  8:48  Fleet Beacon  
  66  8:50  Assimilator  
  66  8:52  Pylon, Assimilator  
  66  8:54  Probe (Chrono Boost)  
  67  8:58  Probe (Chrono Boost)  
  68  9:04  Pylon  
  68  9:16  Shield Battery, Void Ray  
  68  9:17  Protoss Air Weapons Level 1  
  72  9:24  Probe  
  72  9:27  Pylon  
  72  9:30  Anion Pulse-Crystals (Chrono Boost)  
  73  9:57  Phoenix  
  75  10:00  Shield Battery  
  75  10:10  Phoenix  
  71  10:14  Probe  
  71  10:20  Probe, Flux Vanes  
  67  10:25  Stargate  
  67  10:29  Probe (Chrono Boost)  
  67  10:32  Void Ray  
  67  10:35  Nexus  
  68  10:37  Phoenix  
  68  10:40  Probe (Chrono Boost)  
  68  10:41  Pylon  
  68  10:42  Probe (Chrono Boost)  
  76  10:58  Pylon  
  76  11:08  Carrier (Chrono Boost)  
  76  11:09  Probe (Chrono Boost)  
  84  11:11  Probe (Chrono Boost)  
  84  11:15  Assimilator  
  84  11:18  Assimilator  
  84  11:22  Shield Battery  
  84  11:28  Void Ray (Chrono Boost)  
  88  11:42  Protoss Air Weapons Level 2 (Chrono Boost)  
  88  12:04  Probe (Chrono Boost)  
  95  12:09  Carrier (Chrono Boost)  
  95  12:14  Probe (Chrono Boost)  
  95  12:15  Probe (Chrono Boost)  
  97  12:26  Probe  
  97  12:29  Nexus  
  98  12:30  Carrier  
  104  12:53  Carrier  
  110  13:09  Carrier  
  108  13:34  Carrier  
  114  13:54  Probe x2  
  116  13:57  Carrier  
  116  13:58  Stargate  
  122  14:03  Probe  
  122  14:04  Pylon  
  122  14:06  Probe x2, Protoss Air Armor Level 1 (Chrono Boost)  
  122  14:07  Pylon  
  125  14:13  Oracle  
  128  14:23  Robotics Facility  
  128  14:26  Probe (Chrono Boost)  
  128  14:27  Probe x2 (Chrono Boost)  
  132  14:33  Probe (Chrono Boost)  
  132  14:38  Probe (Chrono Boost)  
  133  14:42  Assimilator  
  133  14:45  Assimilator  
  133  14:53  Carrier  
  133  14:58  Carrier  
  145  15:16  Carrier  
  145  15:20  Probe (Chrono Boost)  
  153  15:29  Pylon  
  153  15:31  Probe (Chrono Boost)  
  153  15:33  Pylon  
  154  15:37  Probe x2 (Chrono Boost)  
  155  15:48  Carrier  
  161  15:51  Void Ray  
  161  15:56  Observer  
  162  15:57  Pylon  
  167  16:06  Probe (Chrono Boost)  
  167  16:08  Pylon  
  167  16:17  Observer  
  177  16:20  Mothership (Chrono Boost)  
  177  16:21  Probe (Chrono Boost)  
  177  16:39  Observer  
  172  16:49  Carrier x3  
  179  17:04  Observer  
  179  17:26  Observer, Carrier  
  185  18:00  Pylon  
  185  18:02  Shield Battery  
  185  18:18  Carrier  
  191  18:21  Carrier  
  194  19:22  Probe x2  
  195  19:47  Probe (Chrono Boost)  
Show
View Real Time Build Order
Export as new Build Order

Architecte Terran - Winner!

Build Orders: 2 Factory, Cyclone Opening 

Get SALT Encoding   

  12  0:00  SCV  
  13  0:12  SCV  
  14  0:25  SCV, Supply Depot  
  15  0:30  Refinery  
  15  0:47  SCV  
  15  0:49  Barracks  
  16  0:56  Supply Depot  
  16  0:59  SCV  
  17  1:11  SCV  
  18  1:23  SCV  
  19  1:36  Factory  
  19  1:39  Orbital Command, Marine  
  20  1:57  Marine  
  21  2:05  Refinery  
  21  2:07  SCV  
  22  2:14  Factory  
  22  2:15  Marine  
  23  2:23  Factory Tech Lab  
  23  2:27  SCV  
  24  2:30  Supply Depot  
  24  2:33  Marine  
  25  2:40  SCV  
  26  2:45  Cyclone  
  26  2:50  Marine  
  30  2:52  SCV  
  30  2:53  Supply Depot  
  31  2:59  Factory Reactor  
  31  3:06  SCV  
  31  3:10  Marine  
  33  3:15  Supply Depot  
  33  3:18  Cyclone  
  36  3:28  Marine  
  37  3:36  Hellion x2  
  37  3:38  Mag-Field Accelerator  
  37  3:40  SCV  
  42  3:44  Supply Depot  
  42  3:47  Marine  
  43  3:52  SCV  
  44  3:57  Cyclone  
  44  4:00  Hellion  
  49  4:05  Marine  
  50  4:11  Hellion  
  52  4:22  SCV  
  52  4:23  Marine  
  54  4:30  Cyclone, Hellion  
  45  4:36  Hellion  
  43  4:40  Marine  
  43  4:52  Hellion  
  37  4:57  Hellion  
  31  5:23  Cyclone  
  34  5:29  Hellion  
  36  5:36  SCV  
  37  5:46  Infernal Pre-Igniter  
  37  5:48  SCV  
  38  6:09  Command Center  
  38  6:22  SCV  
  39  6:28  Command Center  
  39  6:34  SCV  
  39  6:35  Hellion x3  
  46  6:46  SCV  
  37  6:56  Hellion x3  
  38  7:11  Command Center  
  38  7:18  Hellion x3  
  44  7:39  Hellion x3  
  50  7:49  Factory  
  50  7:51  Factory  
  50  8:00  Hellion  
  50  8:01  Widow Mine x2  
  50  8:03  Engineering Bay  
  56  8:10  Orbital Command  
  56  8:22  Widow Mine  
  54  8:36  Widow Mine x2  
  54  8:40  Missile Turret  
  58  8:43  Widow Mine  
  60  8:49  Orbital Command  
  60  8:55  Factory Tech Lab x2  
  60  8:58  Widow Mine  
  62  9:09  Widow Mine x2  
  66  9:14  SCV x2  
  66  9:16  SCV  
  69  9:19  Widow Mine  
  69  9:23  Refinery  
  71  9:25  Refinery  
  71  9:26  SCV x2  
  71  9:30  Widow Mine x2  
  71  9:31  Widow Mine x2  
  81  9:51  Cyclone  
  84  10:11  SCV  
  85  10:17  Supply Depot  
  85  10:22  Supply Depot  
  85  10:34  Supply Depot x2  
  85  10:35  Supply Depot  
  85  10:38  Widow Mine, SCV x3, Cyclone, Supply Depot  
  93  10:44  Widow Mine, Cyclone x2  
  101  10:53  Orbital Command  
  101  10:55  SCV  
  102  11:00  Widow Mine  
  104  11:05  Widow Mine  
  104  11:10  Cyclone  
  109  11:16  Cyclone x2  
  115  11:20  SCV x3, Armory  
  115  11:23  Armory  
  118  11:32  SCV x3  
  121  11:41  Hellion x2  
  121  11:42  Cyclone  
  121  11:44  SCV x3  
  131  11:48  Hellion  
  131  11:49  Missile Turret  
  133  12:24  Refinery  
  133  12:25  Starport  
  133  12:27  Refinery, Starport  
  133  12:36  Terran Vehicle And Ship Armor Level 1, Terran Vehicle Weapons Level 1  
  133  13:07  SCV x2  
  133  13:08  Hellion  
  133  13:09  Hellion  
  126  13:13  Cyclone x3  
  105  13:29  Hellion  
  105  13:31  Hellion  
  100  13:45  Hellion x3  
  106  13:51  Hellion  
  106  13:52  Hellion  
  106  13:53  Starport Reactor x2  
  110  13:57  SCV x2  
  110  13:58  SCV  
  113  14:06  Hellion x2  
  113  14:07  Hellion  
  113  14:09  SCV  
  121  14:10  SCV x2  
  121  14:11  Command Center  
  121  14:12  Hellion  
  121  14:13  Hellion  
  126  14:21  SCV, Factory  
  126  14:22  Factory  
  127  14:28  Hellion x3  
  133  14:33  Supply Depot  
  133  14:35  Supply Depot  
  133  14:38  SCV x3, Hellion x2  
  140  14:40  Terran Vehicle And Ship Armor Level 2, Terran Vehicle Weapons Level 2  
  140  14:47  Liberator x2  
  140  14:49  Hellion x2  
  140  14:50  SCV x2  
  146  15:02  Siege Tank  
  139  15:07  Liberator  
  139  15:10  Siege Tank x2  
  139  15:11  Liberator  
  139  15:14  Factory Tech Lab x2  
  151  15:22  Supply Depot x2  
  151  15:30  Sensor Tower  
  151  15:49  Sensor Tower  
  151  15:51  Sensor Tower, Missile Turret x2  
  151  15:54  Siege Tank x2  
  157  15:57  Siege Tank  
  157  16:02  Widow Mine  
  162  16:04  SCV  
  162  16:05  SCV  
  164  16:14  Planetary Fortress  
  160  16:35  Cyclone x5  
  163  17:00  Hellion x2  
  162  17:07  Hellion x3  
  162  17:08  Hellion x2  
  170  17:16  Liberator x4  
  170  17:18  Drilling Claws  
  170  17:22  Hellion x2  
  186  17:29  Hellion  
  188  17:32  Hellion x4  
  196  17:43  Hellion x2  
  194  17:53  Hellion x2  
  194  17:54  Hellion  
  190  18:01  Hellion x2  
  190  18:04  Hellion x2  
  176  18:14  Refinery, Siege Tank  
  176  18:15  Refinery, Siege Tank x2  
  175  18:22  Siege Tank x2  
  175  18:26  Hellion x2  
  155  18:42  Liberator  
  155  18:46  Siege Tank  
  155  18:47  Hellion x2, Siege Tank  
  168  18:58  Hellion  
  168  18:59  Hellion x2  
  174  19:04  Viking  
  174  19:08  Hellion x2  
  180  19:19  Hellion x2  
  180  19:20  Hellion x2  
  180  19:23  Hellion  
  190  19:27  Command Center  
Tags
 
Add a new tag
Caveats
  • Supply blocks, unpowered buildings, or Contaminate may cause inaccurate times.
  • Supply counts are checked every 10 seconds.